 Dungeon Crawl Stone Soup version 0.17-a0-819-gf98af59 (webtiles) character file.

273 sugabear the Shield-Bearer (level 6, -9/38 HPs)
             Began as a Gargoyle Fighter on Apr 27, 2015.
             Killed by divine providence
             ... invoked by an orc priest
              (12 damage)
             ... on level 3 of the Dungeon.
             The game lasted 00:05:30 (2984 turns).

sugabear the Shield-Bearer (Gargoyle Fighter)       Turns: 2984, Time: 00:05:30

Health: -9/38      AC: 12    Str: 19    XL:     6   Next: 23%
Magic:  6/6        EV:  8    Int:  9    God:
Gold:   172        SH:  9    Dex: 11    Spells: 0 memorised, 5 levels left

rFire  . . .     SeeInvis .     a - +0 rapier
rCold  . . .     Clarity  .     b - +0 scale mail
rNeg   + . .     SustAb   .     c - +0 shield
rPois  ∞         Gourm    .     f - +1 hat
rElec  +         Spirit   .     (no cloak)
rCorr  .         Warding  .     (no gloves)
rMut   .         Stasis   .     (no boots)
MR     .....                    (no amulet)
Stlth  +.........               (no ring)
                                (no ring)

@: not resistant to hostile enchantments, very unstealthy
A: negative energy resistance 1, electricity resistance, unbreathing,
petrification resistance, rot immunity, AC +4
a: no special abilities


You were on level 3 of the Dungeon.
You were near starving.

You visited 1 branch of the dungeon, and saw 3 of its levels.

You collected 172 gold pieces.

Inventory:

Hand weapons
 a - a +0 rapier (weapon)
Armour
 b - a +0 scale mail (worn)
 c - a +0 shield (worn)
 f - a +1 hat (worn)
Scrolls
 g - 2 scrolls of remove curse {unknown}
 i - 6 scrolls of identify {unknown}
 j - 3 scrolls of amnesia {unknown}
 n - a scroll of fear {unknown}
 o - 2 scrolls of enchant weapon {unknown}
 p - 2 scrolls of teleportation {unknown}
 t - 2 scrolls of enchant armour {unknown}
 w - a scroll of noise {unknown}
Potions
 h - a potion of restore abilities {unknown}
 l - a potion of degeneration {unknown}
 s - a potion of curing {unknown}
 u - a potion of brilliance {unknown}
 v - a potion of flight {unknown}
Comestibles
 e - 2 bread rations
 k - 2 slices of pizza
 m - 3 fruits
 q - a beef jerky
 r - 2 meat rations


   Skills:
 + Level 4.0 Fighting
 + Level 2.1 Short Blades
 + Level 4.1 Armour
 + Level 2.4 Dodging
 * Level 2.6 Stealth
 + Level 4.5 Shields


You had 5 spell levels left.
You didn't know any spells.

Dungeon Overview and Level Annotations

Branches:
Dungeon (3/15)

Altars:
Elyvilon
Ru
The Shining One


Innate Abilities, Weirdness & Mutations

You are resistant to torment.
Your stone body is resilient (AC +4).
You are immune to poison.
You resist negative energy.
You are resistant to electric shocks.
You can survive without breathing.
You are immune to petrification.
You are immune to rotting.


Message History

Things that are here:
a club; a scale mail; an orc corpse You hit the orc priest.
The orc priest is moderately wounded.
You are near starving!
The orc priest mumbles some strange prayers to Beogh against you.
Something smites you!
* * * LOW HITPOINT WARNING * * *
You hit the orc priest.
The orc priest is severely wounded.
You block the orc priest's attack.
The orc priest hits you but does no damage.
You closely miss the orc priest.
The orc priest is severely wounded.
The orc priest hits you but does no damage.
You hit the orc priest.
The orc priest is almost dead.
The orc priest calls down the wrath of Beogh upon you.
Something smites you!
You die...

#.#
#.........
#.#
#########.
#.# #. #.# #.
#.# #. #.# #.
#.# ##
#.###########
#...@oo......
#############


You could see an orc priest and an orc.

Vanquished Creatures
  The ghost of gressup the Conjurer, an average TeFE (D:3)
  A giant frog skeleton (D:3)
  Natasha (twice) (D:3)
  3 adders
  2 worms (D:2)
  3 giant geckos
  3 orcs (D:3)
  3 ball pythons
  8 bats
  3 giant cockroaches
  8 hobgoblins
  4 jackals (D:1)
  9 kobolds
  2 quokkas
  3 giant newts
  9 goblins
  7 rats
71 creatures vanquished.

Notes
Turn   | Place    | Note
--------------------------------------------------------------
     0 | D:1      | sugabear, the Gargoyle Fighter, began the quest for the Orb.
     0 | D:1      | Reached XP level 1. HP: 14/14 MP: 1/1
    75 | D:1      | Reached XP level 2. HP: 12/19 MP: 2/2
   645 | D:1      | Reached XP level 3. HP: 24/24 MP: 3/3
   884 | D:2      | Reached skill level 1 in Stealth
  1016 | D:2      | Reached skill level 1 in Dodging
  1215 | D:2      | Reached XP level 4. HP: 13/29 MP: 4/4
  1560 | D:2      | Found a glowing golden altar of the Shining One.
  1561 | D:2      | Found a sacrificial altar of Ru.
  1564 | D:2      | Found a white marble altar of Elyvilon.
  1730 | D:3      | Reached skill level 4 in Shields
  1883 | D:3      | Noticed Natasha
  1898 | D:3      | Killed Natasha
  1898 | D:3      | Reached XP level 5. HP: 9/33 MP: 5/5
  2328 | D:3      | Noticed Natasha
  2338 | D:3      | Killed Natasha
  2580 | D:3      | Noticed gressup's ghost (average TeFE)
  2594 | D:3      | Killed gressup's ghost
  2594 | D:3      | Reached XP level 6. HP: 10/38 MP: 6/6
  2984 | D:3      | Killed from afar by an orc priest

Action                   |  1- 3 |  4- 6 || total
-------------------------+-------+-------++-------
Melee: Rapier            |   240 |   187 ||   427
  Use: Potion            |       |     1 ||     1
  Eat: Chunk             |     2 |     4 ||     6
